 Dungeon Crawl Stone Soup version 0.27.1-34-g3ba077fa99 (webtiles) character file.

Game seed: 9105224799581264488

27 cbfl8 the Skirmisher (level 2, -9/28 HPs)
             Began as a Minotaur Abyssal Knight on Jan 13, 2022.
             Was a Follower of Lugonu.
             Mangled by a basilisk (15 damage)
             ... on level 1 of the Abyss.
             The game lasted 00:00:40 (105 turns).

cbfl8 the Skirmisher (Minotaur Abyssal Knight)       Turns: 105, Time: 00:00:41

Health: -9/28      AC:  3    Str: 16    XL:     2   Next: 93%
Magic:  2/2        EV: 11    Int:  9    God:    Lugonu [*.....]
Gold:   12         SH:  0    Dex:  9    Spells: 1/1 levels left

rFire    . . .     SeeInvis .   a - +1 hand axe
rCold    . . .     Faith    .   (no shield)
rNeg     . . .     Spirit   .   b - +0 leather armour
rPois    .         Reflect  .   (helmet restricted)
rElec    .         Harm     .   (no cloak)
rCorr    .         Rampage  .   (no gloves)
Will     .....                  (no boots)
Stlth    +.........             (no amulet)
HPRegen  0.09/turn              (no ring)
MPRegen  0.08/turn              (no ring)

@: no status effects
A: horns 2, retaliatory headbutt
a: Renounce Religion, Depart the Abyss


You were on level 1 of the Abyss.
You worshipped Lugonu.
Lugonu was aware of your devotion.
You visited 0 branches of the dungeon, and saw 0 of its levels.
You visited the Abyss 1 time.

You collected 12 gold pieces.

Inventory:

Hand Weapons
 a - a +1 hand axe (weapon)
Armour
 b - a +0 leather armour (worn)
 c - a +0 robe


   Skills:
 + Level 4.5 Fighting
 + Level 2.8 Axes
 + Level 2.7 Armour
 + Level 1.1 Dodging
 + Level 2.0 Invocations


You had one spell level left.
You didn't know any spells.
Your spell library was empty.

Dungeon Overview and Level Annotations

Branches:
Dungeon (0/15)

Altars:


Innate Abilities, Weirdness & Mutations

You have a pair of horns on your head.
You reflexively headbutt those who attack you in melee.


Message History

You enter the shallow water.
Moving in this stuff is going to be slow.
Why would you want to do that?
You enter the shallow water.
Moving in this stuff is going to be slow.
Why would you want to do that? Why would you want to do that?
You enter the shallow water.
Moving in this stuff is going to be slow.
Why would you want to do that?
The iron imp shouts, "Accept thy doom, thou rough-hewn ditch-delivered nothing!"
A basilisk comes into view.
The basilisk hisses angrily.
You hit the iron imp. Your headbutt misses the iron imp.
The iron imp is lightly wounded.
The iron imp hits you!
You barely miss the iron imp.
The iron imp is lightly wounded.
The iron imp closely misses you.
You completely miss the iron imp.
The iron imp is lightly wounded.
The iron imp hits you.
You hit the iron imp. You headbutt the iron imp!
The iron imp is severely wounded.
The iron imp closely misses you.
You barely miss the iron imp. You headbutt the iron imp.
You kill the iron imp!
You hit the basilisk. The basilisk bites you.
* * * LOW HITPOINT WARNING * * *
Your Fighting skill increases to level 4!
Your Invocations skill increases to level 2!
You have reached level 2!
The substance of the Abyss twists violently, and a gateway leading out appears!
The basilisk closely misses you.
There is a gateway leading out of the Abyss here.
You hit the basilisk.
The basilisk is lightly wounded.
The basilisk bites you!
Ouch! That really hurt!
You die...

##..#≈≈≈# ..#
#..#..≈≈≈#.# .
..###.≈≈≈.## #
...##≈≈≈####### .
# ..≈≈≈.#.#..#
#...# ≈≈≈♣.#..# #
.#. #.#≈♣≈....# .#
#.#≈≈....l#..#
.#.≈≈≈##§@...#
#...≈≈≈#..#§......
..##≈≈≈≈#.#.#....#
# ....≈≈.##...
#### .#..##≈≈≈
##.. #..≈≈ #..
##.≈ ... .#≈ ....


You could see a basilisk.

Vanquished Creatures
  An iron imp (Abyss:1)
1 creature vanquished.

Notes
Turn   | Place    | Note
-------+----------+-------------------------------------------
     0 | Abyss:1  | cbfl8 the Minotaur Abyssal Knight began the quest for the
                  | Orb.
     0 | Abyss:1  | Reached XP level 1. HP: 19/19 MP: 1/1
    94 | Abyss:1  | Noticed an iron imp
    97 | Abyss:1  | Noticed a basilisk
   103 | Abyss:1  | Killed an iron imp
   104 | Abyss:1  | Reached skill level 4 in Fighting
   104 | Abyss:1  | Reached XP level 2. HP: 5/28 MP: 2/2
   105 | Abyss:1  | Mangled by a basilisk

Illustrated notes

Levels and vault maps discovered:
Abyss:1:  base: Temple, base:
Temple

Skill      XL: |  1 |
---------------+----+-----
Fighting       | 4 |  4.5
Invocations    | 2 |  2.0
Axes           | |  2.8
Armour         | |  2.7
Dodging        | |  1.1

Action                   || total
-------------------------++-------
Melee: Hand axe          ||     6
       Headbutt          ||     2
Dodge: Dodged            ||     3
